 Dungeon Crawl Stone Soup version 0.27-a0-720-g3f424a255b (webtiles) character file.

Game seed: 1094646897952984160

524853 Johnny the Fencer (level 24, 0/230 HPs)
             Began as a Troll Berserker on Mar 23, 2021.
             Was the Champion of Trog.
             Splashed by an acid blob's acid (5 damage)
             ... on level 3 of the Pits of Slime.
             The game lasted 01:09:18 (43433 turns).

Johnny the Fencer (Troll Berserker)                Turns: 43433, Time: 01:09:19

Health: 0/230      AC: 31    Str: 44 (45) XL:     24   Next: 23%
Magic:  31/31      EV:  8    Int:  3      God:    Trog [******]
Gold:   545        SH: 16    Dex:  5      Spells: 23/23 levels left

rFire    + + +     SeeInvis +   A - +8 Vampire's Tooth {vamp}
rCold    + + +     Faith    .   y - +2 shield of Resistance {rF++ rC++ Will++}
rNeg     . . .     Spirit   .   E - +9 scales of the Dragon King {rPois rF+ rC+ Will+}
rPois    +         Reflect  .   V - +2 hat {SInv}
rElec    +         Harm     .   j - +2 cloak {rCorr}
rCorr    +         Rampage  .   (gloves unavailable)
Will     +++++     Rnd*Rage +   (boots unavailable) Stlth ..........Rnd*Tele +
                                z - amulet of Youthful Indiscretion {rPois rF+ Regen+}
HPRegen  3.48/turn              D - ring of Beetav {rElec rC+ Str+3}
MPRegen  0.22/turn              r - ring "Guenol Core" {rPois rC+++ MP+9 Dex-2 Slay+4}

@: berserk cooldown, regenerating
A: large, unfitting armour, claws 3, regeneration 1, shaggy fur 1, tough skin 1,
beak, hooves 1, berserk 1, clumsy 1, deformed body, deterioration 1, frail 1,
strong 1, teleportitis 1, subdued magic 1
}: 3/15 runes: decaying, serpentine, silver
a: Renounce Religion, Berserk, Trog's Hand, Brothers in Arms


You were on level 3 of the Pits of Slime.
You worshipped Trog.
Trog was exalted by your worship.
You visited 8 branches of the dungeon, and saw 42 of its levels.
You also visited: Gauntlet.

You collected 6355 gold pieces.
You spent 5810 gold pieces at shops.

Inventory:

Hand Weapons
 m - a +1 demon blade of draining
 x - a +7 antimagic long sword
 A - the +8 Vampire's Tooth (weapon) {vamp}
   (You found it on level 1 of the Elven Halls)

   It inflicts no extra harm, but heals its wielder when it wounds a living foe.
 I - the +10 scimitar "Lutsudieje" {vorpal, rPois Will+ Str-2 SInv}
   (You found it on level 7 of the Dungeon)

   It inflicts extra damage upon your enemies.
   It affects your strength (-2).
   It protects you from poison.
   It affects your willpower, your defense against some magical effects.
   It lets you see invisible.
 O - a +9 vampiric triple sword
Missiles
 n - 2 throwing nets
 R - 34 large rocks
Armour
 j - a +2 cloak of preservation (worn)
 y - the +2 shield of Resistance (worn) {rF++ rC++ Will++}
   (You took it off a deep elf pyromancer on level 3 of the Elven Halls)

   It greatly protects you from fire.
   It greatly protects you from cold.
   It affects your willpower, your defense against some magical effects.
 E - the +9 scales of the Dragon King (worn) {rPois rF+ rC+ Will+}
   (You took it off a minotaur in a Gauntlet)

   It protects you from fire.
   It protects you from cold.
   It protects you from poison.
   It affects your willpower, your defense against some magical effects.
 V - a +2 hat of see invisible (worn)
Jewellery
 r - the ring "Guenol Core" (left claw) {rPois rC+++ MP+9 Dex-2 Slay+4}
   (You found it on level 4 of the Swamp)

   [ring of magical power]

   It affects your dexterity (-2).
   It affects your accuracy and damage with ranged weapons and melee attacks
   (+4).
   It renders you almost immune to cold.
   It protects you from poison.
   It affects your magic capacity (+9).
 z - the amulet of Youthful Indiscretion (around neck) {rPois rF+ Regen+}
   (You found it on level 3 of the Elven Halls)

   [amulet of regeneration]

   It protects you from fire.
   It protects you from poison.
   It increases your rate of regeneration.
 D - the ring of Beetav (right claw) {rElec rC+ Str+3}
   (You bought it in a shop on level 2 of the Elven Halls)

   [ring of protection from cold]

   It affects your strength (+3).
   It protects you from cold.
   It insulates you from electricity.
 F - a ring of willpower
 G - an amulet of guardian spirit
 J - a ring of willpower
Wands
 s - a wand of digging (8)
 T - a wand of acid (26)
Scrolls
 d - 2 scrolls of brand weapon
 h - 23 scrolls of teleportation
 l - 10 scrolls of fog
 o - 9 scrolls of blinking
 p - 8 scrolls of immolation
 q - 24 scrolls of identify
 t - 12 scrolls of vulnerability
 u - 9 scrolls of magic mapping
 v - 11 scrolls of fear
 B - 14 scrolls of enchant armour
 K - 4 scrolls of silence
 P - a scroll of holy word
 S - 3 scrolls of noise
Potions
 a - 13 potions of heal wounds
 b - 12 potions of ambrosia
 c - 29 potions of curing
 e - 4 potions of resistance
 f - 5 potions of magic
 g - 4 potions of invisibility
 i - 8 potions of haste
 k - 14 potions of attraction
 w - 5 potions of might
 C - 5 potions of brilliance
 H - 8 potions of berserk rage
 L - 6 potions of lignification
 N - a potion of cancellation
 U - 4 potions of mutation
 W - 9 potions of flight
Miscellaneous
 M - a condenser vane
 Q - a phantom mirror
 X - a tin of tremorstones (2/2)
 Y - a box of beasts
 Z - a lightning rod (4/4)


   Skills:
 + Level 17.8 Fighting
 + Level 19.7 Long Blades
 + Level 15.2 Armour
 + Level 15.4 Dodging
 + Level 6.5 Stealth
 + Level 12.9 Shields


You had 23 spell levels left.
You didn't know any spells.
Your spell library contained the following spells:

 Spells                   Type           Power      Damage    Failure   Level
 Beastly Appendage        Tmut           0%         N/A       98%         1
 Corona                   Hex            0%         N/A       98%         1
 Foxfire                  Conj/Fire      0%         2x1d4     98%         1
 Magic Dart               Conj           0%         1d3       98%         1
 Sandblast                Erth           0%         2d4       98%         1
 Shock                    Conj/Air       0%         1d3       98%         1
 Summon Small Mammal      Summ           0%         N/A       98%         1
 Blink                    Tloc           N/A        N/A       99%         2
 Call Imp                 Summ           0%         N/A       99%         2
 Corpse Rot               Necr/Air       N/A        N/A       99%         2
 Ensorcelled Hibernation  Hex/Ice        0%         N/A       99%         2
 Passwall                 Tmut/Erth      0%         N/A       99%         2
 Slow                     Hex            0%         N/A       99%         2
 Sublimation of Blood     Necr           0%         N/A       99%         2
 Swiftness                Air            0%         N/A       99%         2
 Wereblood                Tmut           0%         N/A       99%         2
 Call Canine Familiar     Summ           0%         N/A       100%        3
 Confusing Touch          Hex            0%         N/A       100%        3
 Conjure Flame            Conj/Fire      0%         6-21      100%        3
 Dazzling Flash           Conj/Hex       0%         N/A       100%        3
 Gell's Gravitas          Tloc           0%         N/A       100%        3
 Ignite Poison            Fire/Tmut/Pois 0%         N/A       100%        3
 Inner Flame              Hex/Fire       0%         N/A       100%        3
 Mephitic Cloud           Conj/Pois/Air  0%         N/A       100%        3
 Spider Form              Tmut/Pois      0%         N/A       100%        3
 Static Discharge         Conj/Air       0%         N/A       100%        3
 Stone Arrow              Conj/Erth      0%         3d7       100%        3
 Summon Guardian Golem    Hex/Summ       0%         N/A       100%        3
 Tukima's Dance           Hex            0%         N/A       100%        3
 Airstrike                Air            0%         N/A       100%        4
 Animate Armour           Summ/Erth      0%         N/A       100%        4
 Ice Form                 Ice/Tmut       0%         N/A       100%        4
 Petrify                  Tmut/Erth      0%         N/A       100%        4
 Sticky Flame             Conj/Fire      0%         2d3       100%        4
 Summon Ice Beast         Ice/Summ       0%         N/A       100%        4
 Summon Lightning Spire   Summ/Air       0%         N/A       100%        4
 Alistair's Intoxication  Tmut/Pois      0%         N/A       100%        5
 Blade Hands              Tmut           0%         N/A       100%        5
 Borgnjor's Vile Clutch   Necr/Erth      0%         N/A       100%        5
 Fireball                 Conj/Fire      0%         3d3       100%        5
 Irradiate                Conj/Tmut      0%         3d13      100%        5
 Lee's Rapid Deconstruct  Erth           0%         3d5*      100%        5
 Lightning Bolt           Conj/Air       0%         1d11      100%        5
 Metabolic Englaciation   Hex/Ice        0%         N/A       100%        5
 Silence                  Hex/Air        0%         N/A       100%        5
 Summon Forest            Summ/Tloc      0%         N/A       100%        5
 Summon Mana Viper        Hex/Summ       0%         N/A       100%        5
 Yara's Violent Unravell  Hex/Tmut       0%         3d3       100%        5
 Conjure Ball Lightning   Conj/Air       0%         3x3d6     100%        6
 Eringya's Noxious Bog    Tmut/Pois      0%         N/A       100%        6
 Freezing Cloud           Conj/Ice/Air   0%         6-21      100%        6
 Hydra Form               Tmut           0%         N/A       100%        6
 Shadow Creatures         Summ           N/A        N/A       100%        6
 Simulacrum               Ice/Necr       0%         N/A       100%        6
 Starburst                Conj/Fire      0%         8x6d3     100%        6
 Ozocubu's Refrigeration  Ice            0%         4d5       100%        7
 Summon Hydra             Summ           0%         N/A       100%        7
 Borgnjor's Revivificati  Necr           0%         N/A       100%        8
 Ignition                 Fire           0%         3d3       100%        8
 Infestation              Necr           0%         N/A       100%        8
 Necromutation            Tmut/Necr      0%         N/A       100%        8
 Death's Door             Necr           0%         N/A       100%        9
 Shatter                  Erth           0%         3d5*      100%        9
 Tornado                  Air            0%         N/A       100%        9


Dungeon Overview and Level Annotations

Branches:
Dungeon (15/15)            Temple (0/1) D:5            Lair (6/6) D:10
  Swamp (4/4) Lair:4        Snake (4/4) Lair:3        Slime (3/5) Lair:5
    Orc (2/2) D:12            Elf (3/3) Orc:2        Vaults (5/5) D:14
  Crypt (0/3) Vaults:2     Depths (0/5) D:15        Gauntlet (visited)

Altars:
Kikubaaqudgha
Makhleb
Qazlal
Sif Muna
Vehumet
Xom
Yredelemnul
Zin
Beogh

Shops:
D:3 ?   D:9 *   D:13 *   Orc:1 ((   Orc:2 ?=!(   Elf:1 =   Elf:2 :[*==
Snake:1 !:   Snake:2 *   Snake:3 [[*?   Vaults:1 ([?=   Vaults:2 ?   Vaults:3 [
Vaults:5 ?


Innate Abilities, Weirdness & Mutations

You are too large for most types of armour.
You have claws for hands.
Your natural rate of healing is unusually fast.
You are covered in fur. (AC +1)
You have tough skin. (AC +1)
You have a beak for a mouth.
You have large cloven feet.
You tend to lose your temper in combat.
You are clumsy. (Dex -2)
Armour fits poorly on your strangely shaped body.
Your body sometimes deteriorates upon taking damage.
You are frail. (-10% HP)
Your muscles are strong. (Str +2)
You are occasionally teleported next to monsters.
Your spells are a little easier to cast, but a little less powerful.


Message History

The splash of acid hits you. You resist.
* * * LOW HITPOINT WARNING * * *
You are splashed with acid.
You resist.
* * * LOW HITPOINT WARNING * * *
Your skin crawls.
You feel strong-willed. The acid blob spits acid at you.
The splash of acid hits you. You resist.
* * * LOW HITPOINT WARNING * * *
You are splashed with acid.
You resist.
* * * LOW HITPOINT WARNING * * *
The great orb of eyes gazes at you. You resist with almost no effort.
The wall burns your cyclops!
Your cyclops hits the eye of devastation!!!
The enormous slime creature hits your cyclops!!!!
Your cyclops dies!
Your cyclops's corpse disappears in a puff of smoke!
The acid blob spits acid at you. The splash of acid hits you! You resist.
* * * LOW HITPOINT WARNING * * *
You are splashed with acid.
You resist.
* * * LOW HITPOINT WARNING * * *
The great orb of eyes closely misses you.
Unknown command.
Your magical effects are unravelling.
You feel magically purged.
You feel yourself speed up.
You are no longer corroded.
The acid blob hits you!
* * * LOW HITPOINT WARNING * * *
You are splashed with acid.
You resist.
* * * LOW HITPOINT WARNING * * *
An eye of devastation comes into view.
The great orb of eyes barely misses you.
The eye of devastation gazes at you. The bolt of energy hits you!
* * * LOW HITPOINT WARNING * * *
The acid blob hits you.
* * * LOW HITPOINT WARNING * * *
You are splashed with acid.
You resist.
You die...

##.#......#....##..##
#..G....>..........#
##.#................#
#...#GJ........#.....#
##.....J.........J..##
..J...............##
........<........##
...#.....J.......#
##.#.>@........#
##..G..........
##...........
#......#....
##..........
...........
............
............


You could see an acid blob, a great orb of eyes, an enormous slime creature
(fleeing), 3 slime creatures and 2 eyes of devastation.

Vanquished Creatures
  4 dread liches
  Vashnia (Snake:2)
  A golden dragon (Vaults:5)
  Jory (Vaults:3)
  Nikola (Vaults:1)
  Rupert (D:15)
  3 tentacled monstrosities (Vaults:5)
  3 titans (Vaults:5)
  A deep elf master archer (Elf:3)
  A deep elf blademaster (Elf:2)
  4 acid blobs
  Kirke (Lair:5)
  3 sphinxes
  Frances (Swamp:2)
  4 tengu reavers (Vaults:5)
  The ghost of thenerdymusicguy the Tortoise, an adept MiBe of Trog (Orc:1)
  7 shadow dragons
  3 rockslimes
  5 storm dragons
  Donald (Elf:2)
  The ghost of Garrluk the Fencer, an adept FoFi of the Shining One (Swamp:4)
  9 nagarajas
  3 fire giants
  8 azure jellies
  10 deep elf sorcerers
  3 frost giants (Vaults:5)
  18 vault wardens
  6 iron dragons (Vaults:5)
  2 orc warlords
  A frost giant (shapeshifter) (Vaults:1)
  Louise (D:14)
  5 deep elf elementalists
  16 very ugly things
  2 ghouls (Swamp:3)
  6 war gargoyles
  23 ironbound preservers
  7 quicksilver oozes
  3 stone giants
  A minotaur (Gauntlet)
  3 deep elf annihilators
  3 entropy weavers
  49 slime creatures
  5 bunyips
  3 deep elf demonologists
  3 dire elephants
  Snorg (D:10)
  7 eleionomae
  Josephine (Swamp:1)
  5 deep elf death magi
  A blizzard demon (Gauntlet)
  A crystal guardian (Vaults:3)
  An ettin (shapeshifter) (Vaults:5)
  A fire dragon (Lair:6)
  7 ettins
  13 yaktaur captains
  A great orb of eyes (Vaults:2)
  31 vault guards
  4 deep elf high priests
  26 hydras
  2 ice dragons (Elf:1)
  A fire dragon (shapeshifter) (Vaults:4)
  8 ogre magi
  14 naga warriors
  7 ironbound thunderhulks
  2 peacekeepers (Vaults:3)
  10 ghost crabs
  9 ironbound frosthearts
  Erica (D:9)
  4 boulder beetles
  12 anacondas
  A death knight (D:15)
  4 deep troll earth magi (Vaults:5)
  7 centaur warriors
  10 alligators
  22 dancing weapons
  3 tengu warriors
  Urug (Orc:2)
  10 death yaks
  14 naga sharpshooters
  3 ironbound beastmasters
  9 shock serpents
  18 deep elf knights
  11 two-headed ogres
  4 hell knights (Vaults:5)
  2 iron trolls (Vaults:5)
  A salamander mystic (Snake:3)
  3 goliath frogs
  A storm dragon skeleton (Vaults:3)
  53 deep trolls
  A death drake (Swamp:3)
  4 bog bodies
  A phantasmal warrior (Vaults:5)
  9 spriggan druids
  6 lindwurms
  11 swamp dragons
  3 unseen horrors
  9 deep elf archers
  Pikel (D:9)
  17 ironbound convokers
  5 naga ritualists
  4 orc knights (Vaults:5)
  A tengu zombie (Vaults:3)
  28 deep elf pyromancers
  4 harpies (Vaults:1)
  A shining eye (shapeshifter) (D:15)
  32 ugly things
  8 wizards
  3 necromancers
  25 deep elf zephyrmancers
  4 mana vipers
  10 orc sorcerers
  4 cyclopes
  A stone giant zombie (Vaults:3)
  A wolf spider (Lair:6)
  A moth of wrath (Swamp:4)
  3 salamanders
  7 shining eyes
  2 centaur zombies
  15 elephants
  Maurice (D:9)
  4 will-o-the-wisps
  36 black mambas
  A manticore (D:14)
  11 guardian serpents
  15 naga magi
  20 vault sentinels
  4 apocalypse crabs (Swamp:1)
  A gargoyle (D:13)
  Maggie (D:9)
  2 eyes of devastation
  17 cane toads
  A yaktaur zombie (Vaults:4)
  6 centaur skeletons
  An elf zombie (Vaults:3)
  6 rime drakes
  3 freezing wraiths (D:15)
  42 yaktaurs
  9 komodo dragons
  A komodo dragon (shapeshifter) (Elf:2)
  An ice devil (Gauntlet)
  Psyche (D:9)
  2 tengu conjurers
  A polar bear (Lair:1)
  3 meliai
  5 tyrant leeches
  7 trolls
  10 hornets
  A slime creature (shapeshifter) (Vaults:5)
  21 blink frogs
  12 wyverns
  8 spriggans
  A vampire (D:10)
  7 redbacks
  2 shadows
  44 yaks
  4 air elementals
  8 wraiths
  A hog (Lair:5)
  3 fire elementals
  A human (D:12)
  13 golden eyes
  2 basilisks
  3 steam dragons (Lair:6)
  51 nagas
  7 vampire mosquitoes
  11 wargs
  Edmund (D:4)
  22 water moccasins
  16 swamp worms
  2 soldier ants (D:15)
  A floating eye (Slime:3)
  2 acid dragons (D:13)
  5 sky beasts
  12 swamp drakes
  An ice beast (shapeshifter) (Vaults:5)
  23 orc warriors
  9 ice beasts
  4 black bears
  A necrophage (Swamp:3)
  An ettin simulacrum (Vaults:4)
  3 boggarts (Vaults:3)
  13 wolves
  11 ogres
  22 centaurs
  A lemure (D:9)
  5 phantoms
  A glowing shapeshifter simulacrum (Vaults:4)
  21 bullfrogs
  An earth elemental (Elf:3)
  A hornet simulacrum (D:11)
  4 scorpions
  12 killer bees
  32 wights
  3 howler monkeys
  2 quasits
  3 bullfrog zombies
  A human simulacrum (Vaults:3)
  9 hounds
  2 gnoll shamans
  15 jellies
  5 bullfrog skeletons
  13 orc priests
  Crazy Yiuf (D:6)
  8 iguanas
  Ijyb (D:5)
  38 orc wizards
  9 worker ants
  A hound zombie (D:8)
  A hound skeleton (D:8)
  Robin (D:3)
  9 adders
  13 gnolls
  2 white imps
  4 ufetubi
  3 adder skeletons
  3 worms
  A dart slug (D:1)
  117 orcs
  7 ball pythons
  4 bats
  6 giant cockroaches
  12 goblins
  7 hobgoblins
  4 jackals (D:11)
  7 kobolds
  9 oozes
  5 quokkas
  8 frilled lizards
  A quokka skeleton (D:5)
  9 rats
1789 creatures vanquished.

Vanquished Creatures (collateral kills)
  A titan (Vaults:5)
  A shadow dragon (Vaults:5)
  A thorn hunter (Swamp:4)
  A nagaraja (Snake:4)
  A deep elf sorcerer (Elf:3)
  2 deep elf elementalists (Elf:3)
  A war gargoyle (Vaults:5)
  A deep elf demonologist (Elf:3)
  2 deep elf annihilators (Elf:3)
  A deep elf death mage (Elf:3)
  An ettin (Vaults:5)
  2 naga warriors (Snake:4)
  2 deep elf high priests (Elf:3)
  8 hydras
  4 anacondas (Snake:4)
  An ironbound frostheart (Vaults:1)
  A tengu warrior (D:13)
  A two-headed ogre (D:10)
  6 naga sharpshooters
  A shock serpent (Snake:4)
  An ironbound beastmaster (Vaults:1)
  2 goliath frogs (Swamp:4)
  A deep troll (Vaults:1)
  3 swamp dragons (Swamp:4)
  A naga ritualist (Snake:4)
  A deep elf pyromancer (Elf:1)
  4 deep elf zephyrmancers (Elf:1)
  2 salamanders (Snake:2)
  An orc sorcerer (Elf:1)
  A salamander (shapeshifter) (Elf:3)
  An ugly thing (D:13)
  A will-o-the-wisp (Swamp:1)
  3 guardian serpents (Snake:4)
  A black mamba (Snake:2)
  A moth of wrath (Swamp:4)
  A centaur zombie (D:13)
  A cane toad (Lair:3)
  A naga mage (Snake:4)
  A yaktaur (Vaults:5)
  A queen bee (Lair:3)
  3 meliai (D:13)
  A meliai zombie (D:13)
  A tyrant leech (Swamp:4)
  A slime creature (D:13)
  6 nagas
  A swamp worm (Swamp:4)
  An acid dragon (D:13)
  A sky beast (D:13)
  3 swamp drakes (Swamp:4)
  4 orc warriors
  2 bullfrogs (D:13)
  A gnoll sergeant (D:10)
  17 killer bees (Lair:3)
  2 orc priests
  An orc wizard (Orc:2)
  A gnoll (D:10)
  4 orcs
118 creatures vanquished.

Vanquished Creatures (others)
  An ancient lich (Vaults:5)
  A deep elf death mage (Elf:3)
  An eleionoma (Swamp:4)
  A hydra (Swamp:4)
  A dancing weapon (Elf:1)
  A deep elf knight (Elf:1)
  A goliath frog (Swamp:2)
  An orc sorcerer (D:15)
  2 bloated husks
  A naga (Snake:4)
  A swamp worm (Swamp:4)
  A swamp drake (Swamp:1)
  2 orc warriors
  An orc priest (Elf:1)
  An iguana (Lair:6)
  5 orcs (Elf:1)
  27 demonic plants (Gauntlet)
  41 foxfires
  51 fungi
  79 plants
220 creatures vanquished.

Grand Total: 2127 creatures vanquished

Notes
Turn   | Place    | Note
-------+----------+-------------------------------------------
     0 | D:1      | Johnny the Troll Berserker began the quest for the Orb.
     0 | D:1      | Reached XP level 1. HP: 22/22 MP: 0/0
   191 | D:1      | Reached XP level 2. HP: 29/29 MP: 1/1
   197 | D:1      | Reached skill level 3 in Long Blades
   553 | D:1      | Reached XP level 3. HP: 28/36 MP: 2/2
   614 | D:1      | Reached ** piety under Trog
  1366 | D:2      | Reached XP level 4. HP: 45/45 MP: 3/3
  1836 | D:3      | Noticed Robin
  1855 | D:3      | Killed Robin
  2040 | D:3      | Reached skill level 4 in Long Blades
  2076 | D:3      | Found Neagah's Magic Scroll Shoppe.
  2083 | D:3      | Bought a scroll of identify for 20 gold pieces
  2083 | D:3      | Bought a scroll of identify for 20 gold pieces
  2091 | D:3      | Reached *** piety under Trog
  2432 | D:3      | Found a shimmering blue altar of Sif Muna.
  2662 | D:4      | Reached XP level 5. HP: 51/53 MP: 4/4
  2676 | D:4      | Noticed Edmund
  2687 | D:4      | Killed Edmund
  2688 | D:4      | Reached XP level 6. HP: 35/62 MP: 5/5
  2760 | D:4      | Found a shimmering altar of Xom.
  2760 | D:4      | Found a shimmering altar of Xom.
  2768 | D:4      | Found a shimmering altar of Xom.
  2771 | D:4      | Found a shimmering altar of Xom.
  2772 | D:4      | Found a shimmering altar of Xom.
  2772 | D:4      | Found a shimmering altar of Xom.
  2775 | D:4      | Found a shimmering altar of Xom.
  3552 | D:5      | Entered Level 5 of the Dungeon
  3572 | D:5      | Reached skill level 5 in Long Blades
  3629 | D:5      | Found a burning altar of Makhleb.
  3670 | D:5      | Found a staircase to the Ecumenical Temple.
  3765 | D:5      | Noticed an ice beast
  3777 | D:5      | Killed an ice beast
  3827 | D:5      | Noticed Ijyb
  3838 | D:5      | Killed Ijyb
  3843 | D:5      | Reached XP level 7. HP: 70/70 MP: 6/6
  4034 | D:6      | Reached skill level 6 in Long Blades
  4196 | D:6      | Reached skill level 5 in Fighting
  4200 | D:6      | Reached XP level 8. HP: 80/80 MP: 7/7
  4227 | D:6      | Reached skill level 7 in Long Blades
  4455 | D:6      | Reached **** piety under Trog
  4690 | D:6      | Found a runed translucent door.
  4691 | D:6      | Noticed Crazy Yiuf
  4702 | D:6      | Killed Crazy Yiuf
  4761 | D:7      | Reached skill level 8 in Long Blades
  4940 | D:7      | Reached XP level 9. HP: 89/89 MP: 8/8
  5262 | D:7      | Identified the +10 scimitar "Lutsudieje" {vorpal, rPois
                  | Will+ Str-2 SInv}
  5693 | D:8      | Reached skill level 9 in Long Blades
  5966 | D:8      | Reached ***** piety under Trog
  6551 | D:8      | Reached skill level 10 in Long Blades
  6643 | D:9      | Noticed a troll
  6653 | D:9      | Killed a troll
  6689 | D:9      | Found Hoducku's General Store.
  6691 | D:9      | Noticed a two-headed ogre
  6698 | D:9      | Killed a two-headed ogre
  6699 | D:9      | Reached XP level 10. HP: 102/102 MP: 9/9
  6707 | D:9      | Bought 2 potions of curing for 90 gold pieces
  6707 | D:9      | Bought a scroll of identify for 30 gold pieces
  6721 | D:9      | Noticed Maurice
  6803 | D:9      | Noticed Erica
  6812 | D:9      | Killed Erica
  6916 | D:9      | Noticed a two-headed ogre
  6921 | D:9      | Killed a two-headed ogre
  6922 | D:9      | Reached skill level 11 in Long Blades
  6951 | D:9      | Found a basalt altar of Yredelemnul.
  6986 | D:9      | Noticed Psyche
  6989 | D:9      | Killed Psyche
  7032 | D:9      | Killed Maurice
  7033 | D:9      | Found a glowing silver altar of Zin.
  7094 | D:9      | Noticed Pikel
  7115 | D:9      | Killed Pikel
  7214 | D:9      | Noticed Maggie
  7219 | D:9      | Killed Maggie
  7335 | D:9      | Identified the +4 chain mail "Wyufry" {Harm rC- rN+++
                  | Str+4}
  7492 | D:10     | Entered Level 10 of the Dungeon
  7492 | D:10     | Noticed a two-headed ogre
  7544 | D:10     | Reached XP level 11. HP: 102/113 MP: 10/10
  7596 | D:10     | Found a staircase to the Lair.
  7599 | D:10     | Noticed a centaur warrior
  7607 | D:10     | Killed a centaur warrior
  7608 | D:10     | Reached skill level 12 in Long Blades
  7620 | D:10     | Noticed a centaur warrior
  7627 | D:10     | Killed a centaur warrior
  7715 | D:10     | Noticed a two-headed ogre
  7716 | D:10     | Noticed an unseen horror
  7723 | D:10     | Killed a two-headed ogre
  7727 | D:10     | Killed an unseen horror
  7776 | D:10     | Noticed Snorg
  7783 | D:10     | Killed Snorg
  7897 | D:10     | Received a gift from Trog
  7915 | D:10     | Killed a two-headed ogre
  8439 | D:11     | Reached skill level 13 in Long Blades
  8649 | D:11     | Noticed a boulder beetle
  8656 | D:11     | Killed a boulder beetle
  8985 | D:12     | Reached XP level 12. HP: 125/126 MP: 11/11
  8990 | D:12     | Reached skill level 10 in Fighting
  9018 | D:12     | Received a gift from Trog
  9053 | D:12     | Noticed a six-headed hydra
  9058 | D:12     | Killed a ten-headed hydra
  9166 | D:12     | Found a staircase to the Orcish Mines.
  9727 | D:12     | Reached skill level 14 in Long Blades
  9957 | D:13     | Noticed a centaur warrior
  9969 | D:13     | Killed a centaur warrior
 10052 | D:13     | Reached skill level 1 in Armour
 10108 | D:13     | Noticed a tengu warrior
 10114 | D:13     | Noticed a centaur warrior
 10131 | D:13     | Killed a tengu warrior
 10141 | D:13     | Killed a centaur warrior
 10374 | D:13     | Noticed a tengu warrior
 10378 | D:13     | Killed a tengu warrior
 10558 | D:13     | Reached XP level 13. HP: 137/137 MP: 12/12
 10733 | D:13     | Found Ysuity's Assorted Antiques.
 10780 | D:13     | Received a gift from Trog
 11159 | D:3      | Bought a scroll of acquirement for 520 gold pieces
 11159 | D:3      | Bought a scroll of blinking for 75 gold pieces
 11159 | D:3      | Bought a scroll of magic mapping for 35 gold pieces
 11159 | D:3      | Bought a scroll of teleportation for 30 gold pieces
 11159 | D:3      | Bought a scroll of enchant weapon for 75 gold pieces
 11160 | D:3      | Acquired a +1 hat of see invisible
 11368 | Orc:1    | Entered Level 1 of the Orcish Mines
 11368 | Orc:1    | Found Saosev's Antique Weapon Shoppe.
 11653 | Orc:1    | Found Daowneat's Weapon Shop.
 11784 | Orc:2    | Entered Level 2 of the Orcish Mines
 11800 | Orc:2    | Noticed an orc warlord
 11814 | Orc:2    | Killed an orc warlord
 11975 | Orc:1    | Found a runed translucent door.
 11980 | Orc:1    | Noticed thenerdymusicguy's ghost (adept MiBe)
 12063 | Orc:1    | Killed thenerdymusicguy's ghost
 12064 | Orc:1    | Reached skill level 5 in Dodging
 12075 | Orc:1    | Identified the +1 robe of the Hall of Blades {+Blink}
 12137 | Orc:2    | Noticed Urug
 12150 | Orc:2    | Killed Urug
 12394 | Orc:2    | Gained mutation: You have sharp toenails. [a neqoxec]
 12409 | Orc:2    | Found Atiok's Jewellery Shop.
 12436 | Orc:2    | Found a radiant altar of Vehumet.
 12452 | Orc:2    | Received a gift from Trog
 12479 | Orc:2    | Found Dihici's Antique Weapon Shop.
 12529 | Orc:2    | Found an ancient bone altar of Kikubaaqudgha.
 12560 | Orc:2    | Reached skill level 5 in Armour
 12635 | Orc:2    | Found Fubimow's Distillery.
 12640 | Orc:2    | Found Naarghum's Magic Scroll Boutique.
 12643 | Orc:2    | Bought a potion of lignification for 45 gold pieces
 12643 | Orc:2    | Bought a potion of ambrosia for 120 gold pieces
 12643 | Orc:2    | Bought a potion of flight for 45 gold pieces
 12643 | Orc:2    | Bought a potion of might for 60 gold pieces
 12643 | Orc:2    | Bought 2 potions of curing for 90 gold pieces
 12652 | Orc:2    | Bought a scroll of identify for 32 gold pieces
 12652 | Orc:2    | Bought a scroll of identify for 32 gold pieces
 12652 | Orc:2    | Bought a scroll of identify for 32 gold pieces
 12652 | Orc:2    | Bought a scroll of identify for 32 gold pieces
 12652 | Orc:2    | Bought a scroll of fear for 56 gold pieces
 12652 | Orc:2    | Bought a scroll of teleportation for 48 gold pieces
 12762 | Orc:2    | Found a staircase to the Elven Halls.
 12958 | Lair:1   | Entered Level 1 of the Lair of Beasts
 13314 | Lair:1   | Reached XP level 14. HP: 135/148 MP: 13/13
 13362 | Lair:1   | Reached skill level 15 in Long Blades
 13848 | Lair:2   | Received a gift from Trog
 14767 | Lair:3   | Found a staircase to the Snake Pit.
 15296 | Lair:4   | Found a gate leading to a gauntlet.
 15300 | Gauntlet | Entered a Gauntlet
 15300 | Gauntlet | Found a transporter.
 15300 | Gauntlet | Found a transporter.
 15301 | Gauntlet | Found a transporter.
 15304 | Gauntlet | Found a transporter.
 15306 | Gauntlet | Found a transporter.
 15306 | Gauntlet | Found a large runed translucent door.
 15307 | Gauntlet | Found a large runed translucent door.
 15308 | Gauntlet | Found a large runed translucent door.
 15308 | Gauntlet | Found a large runed translucent door.
 15308 | Gauntlet | Found a runed translucent door.
 15310 | Gauntlet | Found a large runed translucent door.
 15310 | Gauntlet | Found a runed translucent door.
 15311 | Gauntlet | Found a large runed translucent door.
 15311 | Gauntlet | Found a large runed translucent door.
 15311 | Gauntlet | Found a large runed translucent door.
 15312 | Gauntlet | Found a large runed translucent door.
 15313 | Gauntlet | Found a large runed translucent door.
 15317 | Gauntlet | Found a transporter.
 15323 | Gauntlet | Found a transporter.
 15325 | Gauntlet | Found a transporter.
 15325 | Gauntlet | Found a large runed translucent door.
 15325 | Gauntlet | Found a large runed translucent door.
 15326 | Gauntlet | Found a large runed translucent door.
 15326 | Gauntlet | Found a large runed translucent door.
 15326 | Gauntlet | Found a large runed translucent door.
 15327 | Gauntlet | Found a large runed translucent door.
 15336 | Gauntlet | Found a runed translucent gate.
 15336 | Gauntlet | Found a runed translucent gate.
 15336 | Gauntlet | Found a runed translucent gate.
 15338 | Gauntlet | Found a transporter.
 15343 | Gauntlet | Found a transporter.
 15359 | Gauntlet | Found a transporter.
 15384 | Gauntlet | Found a transporter.
 15509 | Gauntlet | Identified the ring "Toemis" {+Blink rF+ Str-5 Dex+6 SInv}
 15649 | Gauntlet | Identified the +0 pair of boots of Eternity {*Contam rF+
                  | Int+2}
 15720 | Gauntlet | Identified the ring "Rarchumaf" {+Fly Will+ Str+4}
 15755 | Gauntlet | Identified the Grimoire of Mutagenic Unholy Rituals
 15921 | Lair:4   | Found a staircase to the Swamp.
 16888 | Lair:5   | Found a staircase to the Slime Pits.
 17077 | Lair:5   | Reached ****** piety under Trog
 17176 | Lair:5   | Received a gift from Trog
 17210 | Lair:5   | Noticed Kirke
 17237 | Lair:5   | Killed Kirke
 17238 | Lair:5   | Reached XP level 15. HP: 127/158 MP: 14/14
 17642 | Lair:6   | Entered Level 6 of the Lair of Beasts
 18202 | Lair:6   | Received a gift from Trog
 19110 | Snake:1  | Entered Level 1 of the Snake Pit
 19132 | Snake:1  | Found Duguanuqu's Book Shop.
 19136 | Snake:1  | Found Taxko Ifi's Distillery.
 19144 | Snake:1  | Bought a potion of curing for 51 gold pieces
 19144 | Snake:1  | Bought a potion of curing for 51 gold pieces
 19144 | Snake:1  | Bought a potion of curing for 51 gold pieces
 19144 | Snake:1  | Bought 2 potions of heal wounds for 170 gold pieces
 19480 | Snake:1  | Reached skill level 16 in Long Blades
 20034 | Snake:2  | Received a gift from Trog
 20155 | Snake:2  | Noticed Vashnia
 20168 | Snake:2  | Killed Vashnia
 20174 | Snake:2  | Reached XP level 16. HP: 137/170 MP: 15/15
 20823 | Snake:2  | Found Bedebod's Bounteous Boutique.
 20829 | Snake:2  | Bought a scroll of blinking for 135 gold pieces
 21670 | Snake:3  | Found Ufotely's Assorted Antiques.
 21670 | Snake:3  | Found Pobbal's Armour Boutique.
 21671 | Snake:3  | Found Uloen's Antique Armour Boutique.
 21673 | Snake:3  | Found Pixyar's Magic Scroll Shop.
 21697 | Snake:3  | Bought a scroll of teleportation for 42 gold pieces
 21697 | Snake:3  | Bought a scroll of fog for 28 gold pieces
 21697 | Snake:3  | Bought a scroll of magic mapping for 49 gold pieces
 21697 | Snake:3  | Bought a scroll of identify for 28 gold pieces
 21697 | Snake:3  | Bought a scroll of enchant armour for 105 gold pieces
 21697 | Snake:3  | Bought a scroll of blinking for 105 gold pieces
 21697 | Snake:3  | Bought a scroll of identify for 28 gold pieces
 21697 | Snake:3  | Bought a scroll of summoning for 133 gold pieces
 21697 | Snake:3  | Bought a scroll of teleportation for 42 gold pieces
 21697 | Snake:3  | Bought a scroll of summoning for 133 gold pieces
 21697 | Snake:3  | Bought a scroll of magic mapping for 49 gold pieces
 21769 | Snake:3  | Received a gift from Trog
 22119 | Snake:3  | Reached skill level 10 in Dodging
 22189 | Snake:4  | Entered Level 4 of the Snake Pit
 22339 | Snake:4  | Reached skill level 10 in Armour
 22624 | Snake:4  | Reached XP level 17. HP: 174/180 MP: 16/16
 22785 | Snake:4  | Received a gift from Trog
 23348 | Snake:4  | Got a serpentine rune of Zot
 23744 | Swamp:1  | Entered Level 1 of the Swamp
 23765 | Swamp:1  | Reached skill level 17 in Long Blades
 23965 | Swamp:1  | Received a gift from Trog
 24034 | Swamp:1  | Found a runed translucent door.
 24240 | Swamp:1  | Noticed Josephine
 24256 | Swamp:1  | Killed Josephine
 24267 | Swamp:1  | Paralysed by an apocalypse crab for 2 turns
 24898 | Swamp:2  | Noticed Frances
 24909 | Swamp:2  | Killed Frances
 25112 | Swamp:2  | Reached XP level 18. HP: 192/192 MP: 17/17
 25700 | Swamp:3  | Reached skill level 15 in Fighting
 25924 | Swamp:3  | Identified the +7 quarterstaff of Crawling {vorpal, rF+}
 26097 | Swamp:4  | Entered Level 4 of the Swamp
 26162 | Swamp:4  | Found a transporter.
 26239 | Swamp:4  | Received a gift from Trog
 26405 | Swamp:4  | Got a decaying rune of Zot
 26452 | Swamp:4  | Noticed Garrluk's ghost (adept FoFi)
 26743 | Swamp:4  | Found a transporter.
 26780 | Swamp:4  | Killed Garrluk's ghost
 26783 | Swamp:4  | Identified the ring of Sin {Wiz rN+}
 26784 | Swamp:4  | Identified the ring "Guenol Core" {rPois rC+++ MP+9 Dex-2
                  | Slay+4}
 27122 | Orc:2    | Bought an amulet of regeneration for 330 gold pieces
 27171 | Elf:1    | Entered Level 1 of the Elven Halls
 27271 | Elf:1    | Found the +8 Vampire's Tooth {vamp}
 27562 | Elf:1    | Received a gift from Trog
 27641 | Elf:1    | Reached XP level 19. HP: 152/201 MP: 18/18
 27722 | Elf:1    | Found Cashreot's Jewellery Shop.
 27919 | Elf:1    | Found a runed translucent gate.
 27919 | Elf:1    | Found a runed translucent gate.
 27919 | Elf:1    | Found a runed translucent gate.
 27919 | Elf:1    | Found a runed translucent gate.
 27919 | Elf:1    | Found a runed translucent gate.
 27922 | Elf:1    | Found a runed translucent gate.
 28124 | Elf:2    | Found a runed translucent gate.
 28124 | Elf:2    | Found a runed translucent gate.
 28126 | Elf:2    | Found a runed translucent gate.
 28188 | Elf:2    | Found Jedoh's Jewellery Emporium.
 28220 | Elf:2    | Found Qaneik's Jewellery Shoppe.
 28266 | Elf:2    | Found Veefoim's Armour Boutique.
 28282 | Elf:2    | Found Mexum Icze's Book Shop.
 28333 | Elf:2    | Found Myguadet's Assorted Antiques.
 28504 | Elf:2    | Reached skill level 18 in Long Blades
 28568 | Elf:2    | Noticed Donald
 28585 | Elf:2    | Killed Donald
 29054 | Elf:3    | Entered Level 3 of the Elven Halls
 29068 | Elf:3    | Received a gift from Trog
 29251 | Elf:3    | Found a runed translucent door.
 29932 | Elf:3    | Identified the +8 scimitar of Hepliaklqana's Grace {vorpal,
                  | Int+5}
 30078 | Elf:3    | Identified the ring "Migalyi" {rPois rF+ rC- Will+ Int+2}
 30082 | Elf:3    | Identified the amulet of Youthful Indiscretion {rPois rF+
                  | Regen+}
 30092 | Elf:3    | Identified the +6 plate armour of the Stag {+Blink}
 30150 | Elf:3    | Identified the +7 hunting sling "Vaasmol" {flame, rC+
                  | Will++ Dex+4}
 30442 | Elf:3    | Received a gift from Trog
 30538 | Elf:2    | Bought the ring of Beetav {rElec rC+ Str+3} for 815 gold
                  | pieces
 30761 | D:13     | Reached skill level 1 in Shields
 30762 | D:13     | Reached XP level 20. HP: 208/208 MP: 19/19
 30964 | D:14     | Noticed Louise
 31040 | D:14     | Killed Louise
 31129 | D:14     | Found a gate to the Vaults.
 31327 | D:15     | Entered Level 15 of the Dungeon
 31360 | D:15     | Gained mutation: You are frail. (-10% HP) [a shining eye]
 31578 | D:15     | Received a gift from Trog
 31644 | D:15     | Reached skill level 5 in Shields
 31703 | D:15     | Found a staircase to the Depths.
 31892 | D:15     | Found a stormy altar of Qazlal.
 31936 | D:15     | Noticed Rupert
 31952 | D:15     | Killed Rupert
 32432 | Vaults:1 | Entered Level 1 of the Vaults
 32494 | Vaults:1 | Found Kebimew's Jewellery Shoppe.
 32632 | Vaults:1 | Noticed Nikola
 32652 | Vaults:1 | Killed Nikola
 32874 | Vaults:1 | Found Doyzus Toi's Antique Weapon Boutique.
 33179 | Vaults:1 | Received a gift from Trog
 33605 | Vaults:1 | Found Xor Pood's Magic Scroll Shop.
 33673 | Vaults:1 | Bought a scroll of teleportation for 54 gold pieces
 33673 | Vaults:1 | Bought a scroll of identify for 36 gold pieces
 33673 | Vaults:1 | Bought a scroll of fear for 63 gold pieces
 33673 | Vaults:1 | Bought a scroll of blinking for 135 gold pieces
 33673 | Vaults:1 | Bought 3 scrolls of vulnerability for 405 gold pieces
 33673 | Vaults:1 | Bought a scroll of magic mapping for 63 gold pieces
 33673 | Vaults:1 | Bought a scroll of enchant armour for 135 gold pieces
 33682 | Vaults:1 | Found Onetoor's Antique Armour Emporium.
 33696 | Vaults:1 | Reached skill level 10 in Shields
 33874 | Vaults:2 | Found a staircase to the Crypt.
 34038 | Vaults:2 | Received a gift from Trog
 34072 | Vaults:2 | Reached skill level 1 in Stealth
 34072 | Vaults:2 | Reached XP level 21. HP: 199/199 MP: 20/20
 34121 | Vaults:2 | Found Fyompu Fal's Magic Scroll Shop.
 34166 | Vaults:2 | Bought a scroll of enchant armour for 120 gold pieces
 34166 | Vaults:2 | Bought a scroll of fog for 32 gold pieces
 35308 | Vaults:3 | Received a gift from Trog
 35513 | Vaults:3 | Found Melail's Antique Armour Boutique.
 36525 | Vaults:3 | Received a gift from Trog
 36604 | Vaults:3 | Noticed Jory
 36644 | Vaults:3 | Killed Jory
 37481 | Vaults:4 | Reached XP level 22. HP: 204/210 MP: 21/21
 37816 | Vaults:4 | Received a gift from Trog
 38355 | Vaults:5 | Entered Level 5 of the Vaults
 38535 | Vaults:5 | Noticed a dread lich
 38589 | Vaults:5 | Killed a dread lich
 38633 | Vaults:5 | Reached skill level 19 in Long Blades
 38855 | Vaults:5 | Identified the +8 lajatang "Taichaet" {drain, rC+}
 38873 | Vaults:5 | Identified the +6 morningstar of Victory {vorpal, Str+2}
 38887 | Vaults:5 | Noticed an ancient lich
 38919 | Vaults:5 | Killed an ancient lich
 39412 | Vaults:5 | Noticed a dread lich
 39434 | Vaults:5 | Killed a dread lich
 39441 | Vaults:5 | Identified the +8 short sword of Tumult {elec, Int+7}
 39446 | Vaults:5 | Reached skill level 5 in Stealth
 39498 | Vaults:5 | Got a silver rune of Zot
 39616 | Vaults:5 | Received a gift from Trog
 39729 | Vaults:5 | Reached XP level 23. HP: 219/219 MP: 22/22
 39814 | Vaults:5 | Noticed a dread lich
 39835 | Vaults:4 | Killed a dread lich
 40274 | Vaults:5 | Received a gift from Trog
 40359 | Vaults:5 | Noticed a dread lich
 40397 | Vaults:5 | Killed a dread lich
 40475 | Vaults:5 | Reached skill level 15 in Dodging
 40863 | Vaults:5 | Received a gift from Trog
 40883 | Vaults:5 | Found Ceurec's Magic Scroll Boutique.
 40888 | Vaults:5 | Bought a scroll of teleportation for 39 gold pieces
 40888 | Vaults:5 | Bought a scroll of magic mapping for 45 gold pieces
 40888 | Vaults:5 | Bought a scroll of teleportation for 39 gold pieces
 40888 | Vaults:5 | Bought a scroll of enchant armour for 97 gold pieces
 41122 | Vaults:5 | Reached skill level 15 in Armour
 41165 | Vaults:5 | Found Kiuduh's Distillery.
 41170 | Vaults:5 | Bought a potion of curing for 39 gold pieces
 41170 | Vaults:5 | Bought a potion of invisibility for 104 gold pieces
 41170 | Vaults:5 | Bought a potion of brilliance for 52 gold pieces
 41170 | Vaults:5 | Bought a potion of heal wounds for 65 gold pieces
 41170 | Vaults:5 | Bought a potion of mutation for 104 gold pieces
 41170 | Vaults:5 | Bought a potion of heal wounds for 65 gold pieces
 41170 | Vaults:5 | Bought a potion of flight for 39 gold pieces
 41170 | Vaults:5 | Bought a potion of curing for 39 gold pieces
 41170 | Vaults:5 | Bought a potion of curing for 39 gold pieces
 41170 | Vaults:5 | Bought a potion of flight for 39 gold pieces
 41170 | Vaults:5 | Bought a potion of heal wounds for 65 gold pieces
 41170 | Vaults:5 | Bought a potion of berserk rage for 65 gold pieces
 41452 | Vaults:5 | Identified the +10 dire flail "Ufeddo Evick" {venom, rElec}
 41967 | Slime:1  | Entered Level 1 of the Pits of Slime
 42096 | Slime:1  | Gained mutation: You are occasionally teleported next to
                  | monsters. [a shining eye]
 42128 | Slime:1  | Gained mutation: You have a beak for a mouth. [a shining
                  | eye]
 42130 | Slime:1  | Gained mutation: Scrolls take you a little longer to read.
                  | [a shining eye]
 42131 | Slime:1  | Gained mutation: You are very frail. (-20% HP) [a shining
                  | eye]
 42134 | Slime:1  | Gained mutation: Your spells are a little easier to cast,
                  | but a little less powerful. [a shining eye]
 42140 | Slime:1  | Lost mutation: You have sharp toenails. [potion of
                  | mutation]
 42140 | Slime:1  | Lost mutation: You are very frail. (-20% HP) [potion of
                  | mutation]
 42140 | Slime:1  | Lost mutation: You are frail. (-10% HP) [potion of
                  | mutation]
 42140 | Slime:1  | Gained mutation: Your muscles are strong. (Str +2) [potion
                  | of mutation]
 42140 | Slime:1  | Lost mutation: Scrolls take you a little longer to read.
                  | [potion of mutation]
 42140 | Slime:1  | Gained mutation: You have large cloven feet. [potion of
                  | mutation]
 42140 | Slime:1  | Gained mutation: Your mind is acute. (Int +2) [potion of
                  | mutation]
 42339 | Slime:1  | Gained mutation: You are clumsy. (Dex -2) [a shining eye]
 42342 | Slime:1  | Gained mutation: Armour fits poorly on your strangely
                  | shaped body. [a shining eye]
 42350 | Slime:1  | Lost mutation: Your mind is acute. (Int +2) [a shining eye]
 42405 | Slime:1  | Reached XP level 24. HP: 255/256 MP: 22/22
 42802 | Slime:2  | Received a gift from Trog
 42977 | Slime:2  | Gained mutation: Your body sometimes deteriorates upon
                  | taking damage. [a shining eye]
 43282 | Slime:3  | Gained mutation: You tend to lose your temper in combat. [a
                  | shining eye]
 43286 | Slime:3  | Gained mutation: You are frail. (-10% HP) [a shining eye]
 43433 | Slime:3  | HP: 8/230 [disintegration (16)]
 43433 | Slime:3  | Splashed by an acid blob's acid

Illustrated notes

Levels and vault maps discovered:
D:1:      dpeg_arrival_yet_another_circle, layout_basic, serial_forest,
          infiniplex_forest_straight_1, infiniplex_forest_straight_2,
          infiniplex_forest_clump_long, infiniplex_forest_straight_1,
          infiniplex_forest_zigzag_1, infiniplex_forest_clump_medium,
          minmay_nonomino_d4
D:2:      layout_basic
D:3:      layout_basic, serial_shops, shop, led_sif_pool, uniq_robin
D:4:      layout_gridville, nicolae_xom_altar_mimics, uniq_edmund
D:5:      minmay_evil_eye, layout_basic, minmay_temple_entry_trees,
          makhleb_blood_cavern_becter, uniq_ijyb
D:6:      layout_rooms, st_stairs_11, uniq_crazy_yiuf_cottage
D:7:      layout_basic
D:8:      layout_cave_pods
D:9:      layout_basic, zin_statuary, serial_shops, shop_statue,
          yredelemnul_altar_generic, uniq_maggie, uniq_pikel, uniq_maurice,
          uniq_erica, uniq_psyche
D:10:     layout_long_grid, lair_entry_dummy, skrybe_limestone_x, minmay_bent,
          uniq_snorg
D:11:     layout_basic
D:12:     layout_loops_corners, minmay_orc_entry_guard_dogs, grunt_livestock
D:13:     minmay_octagon_keep, layout_irregular_city, serial_shops,
          kennysheep_mini_moat, minmay_fractal_squares_gapless_5
D:14:     layout_rooms, erik_vaults_1, uniq_louise
D:15:     hangedman_depths_entry_civil_slaughter, layout_cave_pods,
          chequers_serial_rivers_small_a, nicolae_qazlal_eye_of_the_storm,
          uniq_rupert
Lair:1:   layout_regular_city
Lair:2:   layout_gridlike
Lair:3:   layout_roguey [special_room_bee], minmay_snake_entry_guardpost_medium,
          infiniplex_staircase_pool, grunt_megastairs_3
Lair:4:   layout_regular_city, swamp_mist, gauntlet_entry_generic,
          minmay_hedge_maze, nzn_sisyphean_effort
Lair:5:   layout_regular_city, minmay_slime_entry_jelly_boxes, uniq_kirke
Lair:6:   hangedman_lair_tendril_chambers, layout_regular_city,
          guppyfry_lair_end_dragon
Swamp:1:  gammafunk_mikee_crab_dinner, layout_falls_marsh,
          nicolae_swamp_orc_logging_accident, swamp_pool1, st_swamp_mini,
          uniq_josephine
Swamp:2:  layout_falls_marsh, serial_swamp_ruin, evilmike_swamp_ruin_house_3,
          evilmike_swamp_ruin_wall, evilmike_swamp_ruin_house_5, uniq_frances
Swamp:3:  layout_basic_swamp, evilmike_swamp_ruin_house_1, swamp_pool5,
          kb_tengu_band
Swamp:4:  swamp, layout_basic_swamp, gammafunk_ghost_berserking_beasts
Snake:1:  layout_grid_maze, minmay_shop_star, serial_bayou_shore_b
Snake:2:  layout_honeycomb, nicolae_alphabet_shops, uniq_vashnia
Snake:3:  layout_gridlike, serial_corexii_hall, corexii_hall_statues_i,
          corexii_hall_statues_x, corexii_hall_statues_deadend,
          chequers_hall_statues_wall_a, minmay_shoptagon
Snake:4:  grunt_snake_rune_serpentine_throne, layout_rooms
Slime:1:  cheibrodos_slime_lost_civilization_9, layout_caves
Slime:2:  cheibrodos_slime_lost_civilization_2, layout_caves
Slime:3:  layout_caves, basic_altar
Orc:1:    cheibrodos_orc_guarddog, layout_caves, ebering_ghost_reflecting_pool,
          serial_shops, nicolae_shop_trees, shop_fountains
Orc:2:    kennysheep_orc_mage_school, layout_diamond_mine, mines2_david,
          uniq_urug
Elf:1:    minmay_elf_arrival_plus, layout_rooms, serial_shops, shop,
          orc_legates, item_on_display_a
Elf:2:    layout_geoelf_octagon, serial_shops, shop, shop, shop,
          nicolae_shop_crystal, shop, uniq_donald
Elf:3:    minmay_elf_hall_curves, layout_geoelf_octagon, minivault_13
Vaults:1: st_squares, vaults_dpeg_diagonal, nicolae_vaults_little_squares_6,
          hangedman_vaults_snaps, nicolae_vaults_sealed_display,
          ontoclasm_vaults_tryst, nicolae_vaults_theta,
          vaults_room_grunt_arrival_checkpoint, nicolae_vaults_asterisk,
          nicolae_vaults_rhombus_7, nicolae_vaults_three_branches, v_misc_5,
          grunt_vaults_hallway_short, layout_vaults_omnicross, serial_shops,
          nicolae_shop_waterfront, shop, shop_fountains,
          nicolae_shop_behind_doors, uniq_nikola
Vaults:2: v_misc_12, vaults_mumra_lcd, nicolae_vaults_little_squares_5,
          v_alt_pattern_5, st_lattice, v_misc_16, v_alt_pattern_1, v_pattern_3,
          v_alt_pattern_4, v_misc_16, ontoclasm_vaults_gateway,
          hangedman_vaults_slice, grunt_vaults_hallway_long,
          layout_vaults_omnibox, serial_shops, nicolae_shop_stone, uniq_margery
Vaults:3: v_misc_22, vaults_dpeg_encased_lava, v_misc_14, v_misc_28,
          vaults_standard_mumra_x, v_misc_11, ontoclasm_vaults_twist,
          nicolae_vaults_border_crossing, ontoclasm_vaults_eye,
          layout_vaults_big_room, serial_shops, nicolae_shop_stone, uniq_jory
Vaults:4: ontoclasm_vaults_loading_screen, vaults_room_corners,
          vaults_room_fours, ontoclasm_vaults_pinch,
          vaults_mumra_minichess_inversion, nicolae_vaults_little_squares_1,
          nicolae_vaults_little_squares_2, vaults_room_fours, v_misc_1,
          vaults_room_fours, layout_vaults_quadrants
Vaults:5

Skill      XL: |  1  2  3  4  5  6  7  8  9 10 11 12 13 14 15 16 17 18 19 20 21 22 23 |
---------------+----------------------------------------------------------------------+-----
Long Blades    | 3 4 5 6 8 10 11 13 14 15 16 17 18 19 | 19.7
Fighting       | 3 4 5 6 7 8 9 11 12 13 14 15 16 17 | 17.8
Armour         | 2 5 7 8 10 11 12 13 14 15 | 15.2
Dodging        | 3 6 7 9 10 11 12 13 14 15 | 15.4
Shields        | 1 10 11 12 | 12.9
Stealth        | 1 3 5 6 |  6.5

Action                   |  1- 3 |  4- 6 |  7- 9 | 10-12 | 13-15 | 16-18 | 19-21 | 22-24 || total
-------------------------+-------+-------+-------+-------+-------+-------+-------+-------++-------
Melee: Falchion          |   136 |   172 |    76 |       |       |       |       |       ||   384
       Scimitar          |       |       |   226 |   388 |  1059 |   706 |       |       ||  2379
       Kick              |       |       |       |       |   299 |   467 |  1514 |  1342 ||  3622
       Triple sword      |       |       |       |       |       |   456 |       |       ||   456
       Quick blade       |       |       |       |       |       |    31 |  2821 |  2145 ||  4997
       Long sword        |       |       |       |       |       |       |    18 |    51 ||    69
       Peck              |       |       |       |       |       |       |       |   138 ||   138
Invok: Berserk           |       |     3 |    10 |    15 |    17 |    15 |     8 |     4 ||    72
       Trog's Hand       |       |       |     1 |     1 |     2 |     8 |     2 |     4 ||    18
       Brothers in Arms  |       |       |       |     3 |     6 |    13 |     4 |     4 ||    30
Evoke: Wand              |       |       |    11 |    15 |    14 |    11 |       |     2 ||    53
       Box of beasts     |       |       |       |       |       |     1 |     1 |     1 ||     3
       Tin of tremorston |       |       |       |       |       |     2 |       |       ||     2
  Use: Scroll            |       |     5 |     4 |     3 |    20 |     9 |     3 |     4 ||    48
       Potion            |       |       |       |       |     3 |       |       |     3 ||     6
 Stab: Sleeping          |     1 |     1 |       |       |       |       |       |       ||     2
       Paralysed         |       |       |     1 |    11 |     3 |       |       |       ||    15
       Distracted        |       |       |       |       |       |     1 |     1 |       ||     2
Armor: Animal skin       |    43 |    32 |    95 |     5 |       |       |       |       ||   175
       Acid dragon scale |       |       |       |    24 |       |       |       |       ||    24
       Troll leather arm |       |       |       |   128 |   195 |       |       |       ||   323
       Gold dragon scale |       |       |       |       |   482 |  1261 |   988 |   613 ||  3344
Dodge: Dodged            |   108 |   121 |   204 |   260 |   567 |   743 |   457 |   192 ||  2652
Block: Kite shield       |       |       |       |       |       |       |   408 |   667 ||  1075
       Rpst.: Falchion   |    44 |    39 |    16 |       |       |       |       |       ||    99
       Scimitar          |       |       |    38 |    67 |   125 |    63 |       |       ||   293
       Triple sword      |       |       |       |       |       |    63 |       |       ||    63
       Long sword        |       |       |       |       |       |       |       |     3 ||     3

Table legend: (Time is in decaauts)
 A = Elapsed time spent in this place.
 B = Non-inter-level travel time spent in this place.
 C = Inter-level travel time spent in this place.
 D = Time resting spent in this place.
 E = Time spent auto-exploring this place.
 F = Levels seen in this place.
 G = Mean time per level.
                   A        B        C        D        E       F      G
               +--------+--------+--------+--------+--------+-----+--------+
         Total |  40292 |  37368 |   2924 |   2245 |  25664 |  43 |  937.0 |
       Dungeon |  13180 |  12108 |   1072 |    630 |   9033 |  15 |  878.7 |
          Lair |   5967 |   5477 |    490 |    414 |   4077 |   6 |  994.5 |
         Swamp |   3450 |   3295 |    155 |    247 |   2055 |   4 |  862.5 |
     Snake Pit |   4513 |   4304 |    209 |    536 |   2623 |   4 | 1128.2 |
    Slime Pits |   1098 |   1061 |     37 |      0 |    797 |   3 |  366.0 |
  Orcish Mines |   1689 |   1420 |    269 |     65 |    873 |   2 |  844.5 |
   Elven Halls |   2983 |   2783 |    200 |     87 |   1710 |   3 |  994.3 |
        Vaults |   6935 |   6447 |    488 |    126 |   4299 |   5 | 1387.0 |
      Gauntlet |    473 |    473 |      0 |    138 |    194 |   1 |  473.0 |
               +--------+--------+--------+--------+--------+-----+--------+

Top non-repeatable levels by time:
Vaults:5: 2140 daAuts
 Snake:4: 1357 daAuts
  Lair:6: 1351 daAuts
Vaults:3: 1290 daAuts
   Elf:3: 1261 daAuts
 Snake:3: 1230 daAuts
Vaults:4: 1195 daAuts
Vaults:1: 1188 daAuts
    D:13: 1143 daAuts
 Snake:2: 1137 daAuts
  Lair:5: 1135 daAuts
 Swamp:1: 1133 daAuts
    D:12: 1132 daAuts
Vaults:2: 1121 daAuts
   Orc:2: 1088 daAuts
